 Dungeon Crawl Stone Soup version 0.21-a0-578-gc6e9d75 (webtiles) character file.

450 Exaltedone87 the Skirmisher (level 7, 0/64 HPs)
             Began as a Naga Skald on Dec 19, 2017.
             Slain by a gnoll (6 damage)
             ... on level 3 of the Dungeon.
             The game lasted 00:08:23 (4646 turns).

Exaltedone87 the Skirmisher (Naga Skald)            Turns: 4646, Time: 00:08:23

Health: 0/64       AC:  5    Str: 15    XL:     7   Next: 4%
Magic:  6/11       EV: 10    Int: 14    God:
Gold:   142        SH:  0    Dex: 10    Spells: 11/12 levels left

rFire    . . .     SeeInvis +   a - +1 mace (crush)
rCold    . . .     Gourm    .   (no shield)
rNeg     . . .     Faith    .   b - +0 leather armour
rPois    +         Spirit   .   (no helmet)
rElec    .         Reflect  .   h - +0 cloak
rCorr    .         Harm     .   (no gloves)
MR       .....                  (no barding)
Stlth    +.........             (no amulet)
HPRegen  0.20/turn              (no ring)
MPRegen  0.12/turn              (no ring)

@: very slow
A: large, see invisible, deformed body, poison resistance, slowness 2, slow
metabolism 1, spit poison 1, AC +2
a: Spit Poison


You were on level 3 of the Dungeon.
You were not hungry.

You visited 1 branch of the dungeon, and saw 4 of its levels.
You also visited: Ossuary.

You collected 142 gold pieces.

Inventory:

Hand Weapons
 a - a +1 mace of crushing (weapon)
Armour
 b - a +0 leather armour (worn)
 h - a +0 cloak (worn)
Potions
 f - 2 potions of berserk rage
 i - a potion of flight {unknown}
 l - 2 potions of curing
 m - a potion of lignification {unknown}
 n - a potion of mutation {unknown}
 o - a potion of brilliance {unknown}
Books
 c - a book of Battle

   Spells                             Type                      Level
   a - Infusion                       Charms                       1
   b - Shroud of Golubria             Charms/Translocation         2
   c - Song of Slaying                Charms                       2
   d - Spectral Weapon                Hexes/Charms                 3
   e - Regeneration                   Charms/Necromancy            3
Comestibles
 d - 2 rations
 g - a chunk of flesh


   Skills:
 * Level 4.2 Fighting
 + Level 3.3 Maces & Flails
 + Level 2.1 Armour
 + Level 2.7 Dodging
 + Level 3.0 Spellcasting
 + Level 3.9 Charms


You had 11 spell levels left.
You knew the following spells:

 Your Spells              Type           Power        Failure   Level  Hunger
a - Infusion              Chrm           ##..         4%          1    #......


Dungeon Overview and Level Annotations

Branches:
Dungeon (4/15)
 Temple: D:4-7

Altars:


Innate Abilities, Weirdness & Mutations

You cannot wear boots.
Your serpentine skin is tough. (AC +2)
You have supernaturally acute eyesight. (SInv)
Armour fits poorly on your strangely shaped body.
Your system is resistant to poisons. (rPois)
You cover ground very slowly.
You have a slow metabolism.
You can spit poison.


Message History

You thump the goblin!
You kill the goblin!
A gnoll comes into view.
The gnoll shouts!
Things that are here:
a dagger; a goblin corpse You hit the gnoll.
The gnoll is moderately wounded.
You are no longer magically infusing your attacks.
The gnoll misses you.
You closely miss the gnoll.
The gnoll is moderately wounded.
The gnoll hits you!
* * * LOW HITPOINT WARNING * * *
You hit the gnoll.
The gnoll is almost dead.
The gnoll hits you.
* * * LOW HITPOINT WARNING * * *
The gnoll hits you.
You die...

# #. # #.# .# ...
#.# #.## ..# ...
...# #.###.#.# .
#.))g.#.#
....###)@###.# #
.............##.#
........###.....#
........###..####
.............#
.........###.#
..###.#..# #.# ..
#.#..# #)# #.#.[#
#.#


You could see a gnoll.

Vanquished Creatures
  5 centaur zombies (Ossuary)
  A human zombie (Ossuary)
  3 big kobold zombies (Ossuary)
  3 hound zombies (Ossuary)
  3 mummies (Ossuary)
  3 gnolls
  An adder (D:2)
  2 oozes (D:1)
  3 adder zombies (Ossuary)
  A worm (D:4)
  2 leopard geckos
  2 giant cockroaches (D:1)
  9 goblins
  4 hobgoblins
  2 quokkas
  A ball python (D:1)
  9 bats
  A frilled lizard (D:1)
  5 goblin zombies (Ossuary)
  5 hobgoblin zombies (Ossuary)
  2 jackal zombies (Ossuary)
  4 kobolds (D:1)
  3 kobold zombies (Ossuary)
  A quokka zombie (Ossuary)
  4 rats
  3 rat zombies (Ossuary)
82 creatures vanquished.

Notes
Turn   | Place    | Note
-------+----------+-------------------------------------------
     0 | D:1      | Exaltedone87 the Naga Skald began the quest for the Orb.
     0 | D:1      | Reached XP level 1. HP: 19/19 MP: 3/3
   242 | D:1      | Reached XP level 2. HP: 19/26 MP: 5/5
   374 | D:1      | Reached skill level 1 in Armour
   793 | D:1      | Reached XP level 3. HP: 22/33 MP: 6/6
  2039 | D:2      | Reached XP level 4. HP: 20/40 MP: 7/7
  2058 | D:2      | HP: 2/40 [hobgoblin (3)]
  2735 | D:2      | You fall through a shaft for 2 floors!
  2742 | D:4      | Found a sand-covered staircase.
  2763 | Ossuary  | Entered an ossuary
  2853 | Ossuary  | Reached skill level 3 in Fighting
  3118 | Ossuary  | Reached XP level 5. HP: 27/49 MP: 8/8
  3727 | Ossuary  | Reached XP level 6. HP: 40/56 MP: 3/10
  4155 | Ossuary  | Reached skill level 4 in Fighting
  4629 | D:3      | Reached XP level 7. HP: 39/64 MP: 11/11
  4646 | D:3      | Slain by a gnoll

Vault maps used:
D:1:      erik_arrival_gehennom
D:2:      first_ration
D:3:      hangedman_abyss_or_decor_stabs
D:4:      minmay_temple_entry_nine_rooms, nicolae_ossuary_entry_monument,
          minmay_fountain_box, lemuel_angel_altar, uniq_grinder
Ossuary:  minmay_ossuary_two_tombs

Skill      XL: |  1  2  3  4  5  6 |
---------------+-------------------+-----
Armour         | 1 2 |  2.1
Dodging        | 2 |  2.7
Fighting       | 3 4 |  4.2
Maces & Flails | 3 |  3.3
Spellcasting   | 3 |  3.0
Charms         | |  3.9

Action                   |  1- 3 |  4- 6 |  7- 9 || total
-------------------------+-------+-------+-------++-------
Melee: Mace              |   109 |   298 |    14 ||   421
 Cast: Infusion          |       |    11 |     1 ||    12
 Abil: Spit Poison       |       |     1 |       ||     1
  Use: Scroll            |       |     8 |       ||     8
       Potion            |       |     1 |       ||     1
 Stab: Distracted        |       |     1 |       ||     1
  Eat: Chunk             |     1 |     5 |       ||     6
       Ration            |       |     1 |       ||     1
Armor: Leather armour    |    64 |   145 |     5 ||   214
Dodge: Dodged            |    92 |   213 |    13 ||   318

Table legend:
 A = Spawn XP
 B = Non-spawn XP
 C = Spawn XP percentage of total XP
 D = Spawn monster count
 E = Non-spawn monster count
 F = Spawn count percentage of total count
 G = Total turns spent on level
                    A         B        C        D         E        F      G
               +---------+---------+-------+---------+---------+-------+---------
         Total |       0 |     643 |   0.0 |       0 |      82 |   0.0 |  4646
               +---------+---------+-------+---------+---------+-------+---------
           D:1 |       0 |      67 |   0.0 |       0 |      27 |   0.0 |  1977
           D:2 |       0 |      25 |   0.0 |       0 |       9 |   0.0 |   758
           D:3 |       0 |      36 |   0.0 |       0 |       6 |   0.0 |    39
           D:4 |       0 |      10 |   0.0 |       0 |       3 |   0.0 |   162
       Ossuary |       0 |     505 |   0.0 |       0 |      37 |   0.0 |  1710
               +---------+---------+-------+---------+---------+-------+---------
